 Dungeon Crawl Stone Soup version 0.21-a0-584-g185da8e (webtiles) character file.

46 Bluekicks the Conjurer (level 3, -3/26 HPs)
             Began as a Draconian Conjurer on Dec 21, 2017.
             Slain by Terence
             ... wielding a +2 hand axe of flaming
              (5 damage)
             ... on level 2 of the Dungeon.
             The game lasted 00:17:13 (1706 turns).

Bluekicks the Conjurer (Draconian Conjurer)         Turns: 1706, Time: 00:17:13

Health: -3/26      AC:  5    Str: 10    XL:     3   Next: 46%
Magic:  0/7        EV: 12    Int: 16    God:
Gold:   94         SH:  0    Dex: 11    Spells: 4/7 levels left

rFire    . . .     SeeInvis .   n - +0 hunting sling
rCold    . . .     Gourm    .   (no shield)
rNeg     . . .     Faith    .   (armour unavailable)
rPois    .         Spirit   .   (helmet restricted)
rElec    .         Reflect  .   (no cloak)
rCorr    .         Harm     .   (no gloves)
MR       +....                  (no boots)
Stlth    ++........             (no amulet)
HPRegen  0.08/turn              q - ring of protection from magic
MPRegen  0.10/turn              (no ring)

@: very slightly contaminated, hasted, very quick
A: unfitting armour, cold-blooded, AC +5
a: no special abilities


You were on level 2 of the Dungeon.
You were not hungry.

You visited 1 branch of the dungeon, and saw 2 of its levels.

You collected 94 gold pieces.

Inventory:

Hand Weapons
 c - a +0 mace
 n - a +0 hunting sling (weapon)
 p - a +0 short sword of venom
Missiles
 e - 62 arrows
 i - 50 stones
 m - 10 sling bullets (quivered)
Jewellery
 q - a ring of protection from magic (left hand)
Scrolls
 f - 2 scrolls of enchant armour {unknown}
 g - a scroll of magic mapping {unknown}
 h - 3 scrolls of identify {unknown}
 k - a scroll of remove curse {unknown}
 l - a scroll of immolation {unknown}
 o - a scroll of teleportation {unknown}
Potions
 j - a potion of curing {unknown}
Books
 a - a book of Conjurations

   Spells                             Type                      Level
   a - Magic Dart                     Conjuration                  1
   b - Searing Ray                    Conjuration                  2
   c - Dazzling Spray                 Conjuration/Hexes            3
   d - Fulminant Prism                Conjuration/Hexes            4
   e - Force Lance                    Conjuration/Translocation    4
   f - Iskenderun's Mystic Blast      Conjuration                  4
Comestibles
 b - 5 rations


   Skills:
 + Level 2.1 Dodging
 + Level 2.1 Stealth
 * Level 2.6 Spellcasting
 * Level 4.4 Conjurations


You had 4 spell levels left.
You knew the following spells:

 Your Spells              Type           Power        Failure   Level  Hunger
a - Magic Dart            Conj           ###.         3%          1    #......
b - Searing Ray           Conj           ###...       4%          2    ##.....


Dungeon Overview and Level Annotations

Branches:
Dungeon (2/15)

Altars:

Annotations:
D:2 Terence


Innate Abilities, Weirdness & Mutations

Your plain brown scales are hard. (AC +5)
You cannot fit into any form of body armour.
You are cold-blooded and may be slowed by cold attacks.


Message History

(Press . to maintain the ray.) Terence hits you with a hand axe of flaming.
Terence burns you.
The searing ray hits Terence.
Terence is severely wounded.
Terence hits you with a hand axe of flaming.
Terence burns you.
The searing ray hits Terence.
Terence is severely wounded.
Terence hits you with a hand axe of flaming!
Terence burns you.
* * * LOW HITPOINT WARNING * * *
The searing ray misses Terence.
You finish channeling your searing ray.
Terence hits you with a hand axe of flaming.
* * * LOW HITPOINT WARNING * * *
Terence burns you.
* * * LOW HITPOINT WARNING * * *
You feel yourself speed up.
Terence hits you with a hand axe of flaming.
You die...

...# #? ### ...# #. ..#
...### #..#.### .....##
#..#...# ####..# #...<#.#
##.## ##.#...# #..# ..
#@### ##.##
##############†...# ###
#..# #.....@@..((.(###.#
..# ##.###.###########. #
..### #..##.# #. .....
#####.### .. ..#
##.....### #.
..#####..##.##..########.
.....#.####'####.#.......
..##...............#
..##.######'######.#


You could see Terence.

Vanquished Creatures
  2 worms (D:2)
  3 dart slugs (D:1)
  A leopard gecko (D:2)
  A giant cockroach (D:2)
  4 goblins
  A quokka (D:2)
  5 bats
  6 frilled lizards
  10 kobolds
  2 rats (D:2)
35 creatures vanquished.

Notes
Turn   | Place    | Note
-------+----------+-------------------------------------------
     0 | D:1      | Bluekicks the Draconian Conjurer began the quest for the Orb.
     0 | D:1      | Reached XP level 1. HP: 14/14 MP: 3/3
   245 | D:1      | Reached XP level 2. HP: 20/20 MP: 3/5
   249 | D:1      | Learned a level 2 spell: Searing Ray
   891 | D:2      | Noticed Terence
  1134 | D:2      | Reached XP level 3. HP: 26/26 MP: 1/6
  1706 | D:2      | Slain by Terence

Vault maps used:
D:1:      onia_arrival_mini_spirals
D:2:      interstate_on_off, minmay_misc_feat_encased, uniq_terence

Skill      XL: |  1  2 |
---------------+-------+-----
Dodging        | 2 |  2.1
Stealth        | 2 |  2.1
Spellcasting   | |  2.6
Conjurations   | |  4.4

Action                   || total
-------------------------++-------
Melee: Mace              ||     7
       Tailslap          ||     3
       Hunting sling     ||     1
 Fire: Hunting sling     ||     7
 Cast: Magic Dart        ||    57
       Searing Ray       ||     5
  Use: Potion            ||     2
  Eat: Chunk             ||     3
Armor: Skin              ||     7
Dodge: Dodged            ||    20

Table legend:
 A = Spawn XP
 B = Non-spawn XP
 C = Spawn XP percentage of total XP
 D = Spawn monster count
 E = Non-spawn monster count
 F = Spawn count percentage of total count
 G = Total turns spent on level
                    A         B        C        D         E        F      G
               +---------+---------+-------+---------+---------+-------+---------
         Total |       0 |      67 |   0.0 |       0 |      35 |   0.0 |  1706
               +---------+---------+-------+---------+---------+-------+---------
           D:1 |       0 |      31 |   0.0 |       0 |      17 |   0.0 |   983
           D:2 |       0 |      36 |   0.0 |       0 |      18 |   0.0 |   723
               +---------+---------+-------+---------+---------+-------+---------
